[ PARTIDA AOE2 · #477080554 ]
1v1 RMPersas vs Teutons
Equipo del jugador · VICT
Equipo rival · DERR
[ ANÁLISIS DE REPETICIÓN · EXTRAÍDO DE LA PARTIDA GRABADA ]
Feudal
8:51
Castillos
26:01
Imperial
43:08
| APM promedio | 41.5 |
| APM pico | 79 |
| eAPM promedio | 20.9 |
| Aldeanos / militares | 209 / 376 |
Foco
⚔️ 45.8% · 🌾 54.2%
Spearman ×122 · Archer ×83 · Hand Cannoneer ×82 · Scout Cavalry ×54 · Knight ×20 · Trebuchet (Packed) ×6
Feudal
14:24
Castillos
22:19
Imperial
42:07
| APM promedio | 28.4 |
| APM pico | 57 |
| eAPM promedio | 18.9 |
| Aldeanos / militares | 186 / 624 |
Foco
⚔️ 40.6% · 🌾 59.4%
Skirmisher ×194 · Scout Cavalry ×188 · Knight ×128 · Spearman ×38 · Hand Cannoneer ×23 · Teutonic Knight ×19
Mapa de la partida
Recursos iniciales + cada clic de construcción. Líneas = muros · curvas = relieve. ◆ oro · ⬟ piedra · ● bayas · ✦ reliquia · ◌ hueco del cierre
Tu base· Abierta — hueco de 4t
Base de JF· Abierta — hueco de 5t
Terreno inicial suavizado · ◌ = hueco del cierre detectado · pasá el cursor para detalles
Inputs por minuto
— DeThLeFf - - JF
Build order — DeThLeFf
Primeras 150 de 660 acciones detectadas
| 0:01 | Crear | Villager (Male) |
| 0:01 | Crear | Villager (Male) |
| 0:03 | Construir | House |
| 0:05 | Construir | House |
| 0:14 | Crear | Villager (Male) ×3 |
| 1:31 | Crear | Villager (Male) |
| 1:49 | Construir | Lumber Camp |
| 2:18 | Crear | Villager (Male) |
| 2:18 | Crear | Villager (Male) |
| 3:03 | Crear | Villager (Male) |
| 3:16 | Construir | House |
| 3:19 | Construir | Palisade Wall |
| 3:23 | Crear | Villager (Male) |
| 3:52 | Construir | Mill |
| 4:01 | Crear | Villager (Male) |
| 4:01 | Crear | Villager (Male) |
| 4:45 | Crear | Villager (Male) |
| 5:10 | Crear | Villager (Male) |
| 5:27 | Crear | Villager (Male) |
| 5:36 | Investigar | Loom |
| 5:46 | Crear | Villager (Male) |
| 5:47 | Investigar | Loom |
| 6:28 | Construir | Barracks |
| 6:32 | Construir | House |
| 6:46 | Investigar | Feudal Age |
| 7:47 | Crear | Militia |
| 7:47 | Crear | Militia |
| 8:04 | Crear | Villager (Male) |
| 8:06 | Construir | Mining Camp |
| 8:10 | Construir | House |
| 8:22 | Construir | House |
| 8:25 | Construir | Palisade Wall |
| 8:28 | Construir | Palisade Wall |
| 8:50 | Construir | Palisade Wall |
| 8:51 | Edad | Edad Feudal |
| 8:55 | Crear | Villager (Male) |
| 9:24 | Crear | Militia |
| 9:35 | Crear | Villager (Male) |
| 9:39 | Construir | House |
| 9:42 | Construir | Palisade Wall |
| 10:01 | Crear | Villager (Male) |
| 10:27 | Crear | Villager (Male) |
| 10:31 | Investigar | Man-at-Arms (upgrade) |
| 10:38 | Crear | Villager (Male) |
| 11:11 | Crear | Villager (Male) |
| 11:16 | Investigar | Double-Bit Axe |
| 11:26 | Construir | Palisade Wall |
| 11:49 | Crear | Villager (Male) |
| 11:52 | Construir | Farm |
| 11:53 | Construir | Farm |
| 12:10 | Crear | Villager (Male) |
| 12:19 | Construir | Farm |
| 12:43 | Crear | Villager (Male) |
| 12:46 | Construir | Farm |
| 12:58 | Construir | Farm |
| 13:27 | Crear | Villager (Male) |
| 13:30 | Construir | Farm |
| 13:45 | Crear | Villager (Male) |
| 13:47 | Construir | Farm |
| 13:50 | Construir | Farm |
| 13:52 | Construir | Farm |
| 13:54 | Crear | Villager (Male) |
| 14:14 | Crear | Villager (Male) |
| 14:19 | Construir | Blacksmith |
| 14:23 | Construir | House |
| 14:31 | Crear | Militia |
| 14:42 | Construir | Farm |
| 14:49 | Construir | Palisade Wall |
| 14:58 | Construir | Palisade Wall |
| 15:02 | Crear | Villager (Male) |
| 15:03 | Crear | Villager (Male) |
| 15:27 | Crear | Villager (Male) |
| 15:32 | Construir | Farm |
| 15:55 | Crear | Villager (Male) |
| 16:00 | Construir | Archery Range |
| 16:16 | Crear | Villager (Male) |
| 16:22 | Investigar | Fletching |
| 16:33 | Crear | Villager (Male) |
| 16:48 | Construir | Farm |
| 17:02 | Crear | Archer |
| 17:02 | Crear | Archer |
| 17:05 | Construir | Archery Range |
| 17:19 | Crear | Villager (Male) |
| 17:20 | Crear | Villager (Male) |
| 17:24 | Construir | Farm |
| 17:29 | Investigar | Horse Collar |
| 17:30 | Crear | Villager (Male) |
| 17:41 | Construir | House |
| 17:42 | Construir | House |
| 17:45 | Construir | House |
| 17:46 | Construir | House |
| 17:56 | Construir | House |
| 17:57 | Construir | House |
| 18:00 | Crear | Villager (Male) |
| 18:02 | Crear | Archer |
| 18:02 | Crear | Archer |
| 18:18 | Crear | Villager (Male) |
| 18:30 | Construir | House |
| 18:42 | Crear | Villager (Male) |
| 18:47 | Crear | Archer |
| 18:47 | Crear | Archer |
| 18:49 | Crear | Villager (Male) |
| 18:59 | Construir | Lumber Camp |
| 19:01 | Crear | Archer |
| 19:13 | Construir | Farm |
| 19:13 | Construir | Farm |
| 19:13 | Construir | Farm |
| 19:13 | Construir | Farm |
| 19:26 | Crear | Villager (Male) |
| 19:30 | Investigar | Padded Archer Armor |
| 19:40 | Crear | Archer |
| 19:41 | Crear | Archer |
| 19:50 | Crear | Villager (Male) |
| 19:54 | Construir | Farm |
| 20:02 | Crear | Archer |
| 20:10 | Construir | Farm |
| 20:10 | Construir | Farm |
| 20:10 | Construir | Farm |
| 20:11 | Construir | Farm |
| 20:21 | Crear | Villager (Male) |
| 20:23 | Construir | Farm |
| 20:26 | Crear | Archer |
| 20:43 | Crear | Villager (Male) |
| 20:51 | Investigar | Stone Mining |
| 20:54 | Investigar | Gold Mining |
| 20:58 | Crear | Archer |
| 20:58 | Crear | Archer |
| 21:00 | Crear | Villager (Male) |
| 21:08 | Construir | Farm |
| 21:11 | Construir | Farm |
| 21:11 | Construir | Farm |
| 21:27 | Crear | Villager (Male) |
| 21:37 | Construir | House |
| 21:39 | Construir | House |
| 21:39 | Construir | House |
| 21:41 | Construir | House |
| 21:42 | Construir | House |
| 21:48 | Construir | Farm |
| 21:49 | Crear | Villager (Male) |
| 21:54 | Crear | Archer |
| 21:54 | Crear | Archer |
| 21:54 | Crear | Archer |
| 22:19 | Crear | Villager (Male) |
| 22:19 | Crear | Villager (Male) |
| 23:36 | Investigar | Castle Age |
| 23:56 | Construir | House |
| 24:02 | Construir | House |
| 24:07 | Construir | Stable |
| 24:09 | Construir | Stable |
| 24:30 | Construir | Farm |
Build order — JF
Primeras 150 de 708 acciones detectadas
| 0:01 | Crear | Villager (Male) |
| 0:01 | Crear | Villager (Male) |
| 0:04 | Construir | House |
| 0:05 | Construir | House |
| 0:14 | Crear | Villager (Male) |
| 0:21 | Crear | Villager (Male) |
| 1:31 | Crear | Villager (Male) |
| 1:58 | Construir | Lumber Camp |
| 2:10 | Crear | Villager (Male) |
| 2:25 | Crear | Villager (Male) |
| 3:07 | Crear | Villager (Male) |
| 3:30 | Crear | Villager (Male) |
| 3:50 | Construir | House |
| 3:57 | Crear | Villager (Male) |
| 4:35 | Crear | Villager (Male) |
| 4:36 | Crear | Villager (Male) |
| 5:02 | Construir | Barracks |
| 5:09 | Crear | Villager (Male) |
| 5:30 | Crear | Villager (Male) |
| 5:32 | Construir | House |
| 5:56 | Crear | Villager (Male) |
| 6:06 | Crear | Militia |
| 6:17 | Construir | House |
| 6:40 | Crear | Militia |
| 6:52 | Crear | Villager (Male) |
| 7:00 | Crear | Militia |
| 7:18 | Crear | Villager (Male) |
| 7:28 | Crear | Villager (Male) |
| 7:55 | Crear | Villager (Male) |
| 8:00 | Crear | Militia |
| 8:08 | Crear | Villager (Male) |
| 8:21 | Construir | Mining Camp |
| 8:26 | Construir | Mill |
| 8:28 | Construir | House |
| 8:38 | Crear | Villager (Male) |
| 8:48 | Construir | Mill |
| 8:54 | Crear | Villager (Male) |
| 9:17 | Crear | Villager (Male) |
| 9:25 | Construir | Farm |
| 9:27 | Construir | Farm |
| 9:46 | Investigar | Loom |
| 10:13 | Crear | Villager (Male) |
| 10:17 | Construir | Mill |
| 10:33 | Construir | House |
| 10:34 | Construir | Palisade Wall |
| 10:41 | Construir | House |
| 10:44 | Construir | House |
| 10:45 | Crear | Villager (Male) |
| 10:55 | Construir | Farm |
| 10:57 | Construir | House |
| 11:12 | Crear | Villager (Male) |
| 11:21 | Construir | Palisade Wall |
| 11:23 | Construir | House |
| 11:25 | Construir | Palisade Wall |
| 11:27 | Construir | Palisade Wall |
| 11:33 | Construir | House |
| 11:35 | Construir | House |
| 11:40 | Construir | Palisade Wall |
| 11:49 | Crear | Villager (Male) |
| 12:13 | Investigar | Feudal Age |
| 12:16 | Construir | Mining Camp |
| 12:25 | Construir | Palisade Wall |
| 12:28 | Construir | Palisade Wall |
| 12:34 | Crear | Villager (Male) |
| 12:42 | Construir | House |
| 12:44 | Construir | Farm |
| 12:45 | Crear | Villager (Male) |
| 12:49 | Construir | Farm |
| 12:50 | Construir | Farm |
| 12:52 | Construir | Farm |
| 13:00 | Crear | Villager (Male) |
| 13:05 | Crear | Villager (Male) |
| 13:30 | Construir | Palisade Wall |
| 13:32 | Construir | House |
| 13:35 | Construir | Palisade Wall |
| 13:46 | Construir | House |
| 13:48 | Construir | House |
| 14:21 | Crear | Villager (Male) |
| 14:24 | Edad | Edad Feudal |
| 14:30 | Construir | Archery Range |
| 14:36 | Construir | Palisade Wall |
| 14:44 | Construir | Farm |
| 14:58 | Crear | Villager (Male) |
| 15:16 | Crear | Archer |
| 15:33 | Crear | Villager (Male) |
| 15:47 | Construir | Farm |
| 15:54 | Crear | Archer |
| 16:00 | Construir | Farm |
| 16:07 | Construir | Lumber Camp |
| 16:07 | Crear | Villager (Male) |
| 16:27 | Crear | Archer |
| 17:11 | Crear | Spearman |
| 17:21 | Crear | Villager (Male) |
| 17:24 | Construir | Blacksmith |
| 17:34 | Crear | Archer |
| 17:52 | Crear | Archer |
| 18:10 | Investigar | Fletching |
| 18:11 | Crear | Villager (Male) |
| 18:28 | Crear | Villager (Male) |
| 18:58 | Crear | Archer |
| 18:59 | Crear | Villager (Male) |
| 19:17 | Construir | Archery Range |
| 19:25 | Construir | House |
| 19:27 | Construir | Palisade Wall |
| 19:31 | Crear | Villager (Male) |
| 19:40 | Investigar | Castle Age |
| 19:50 | Crear | Skirmisher |
| 20:02 | Crear | Skirmisher |
| 20:16 | Investigar | Padded Archer Armor |
| 20:20 | Crear | Skirmisher |
| 20:25 | Investigar | Gold Mining |
| 20:35 | Crear | Skirmisher |
| 20:53 | Crear | Villager (Male) |
| 21:15 | Crear | Skirmisher |
| 21:16 | Crear | Skirmisher |
| 21:16 | Crear | Villager (Male) |
| 21:48 | Crear | Skirmisher |
| 22:19 | Crear | Skirmisher |
| 22:19 | Crear | Skirmisher |
| 22:19 | Edad | Edad de los Castillos |
| 22:25 | Investigar | Elite Skirmisher (upgrade) |
| 22:27 | Investigar | Bodkin Arrow |
| 22:28 | Crear | Villager (Male) |
| 22:32 | Investigar | Double-Bit Axe |
| 22:55 | Crear | Villager (Male) |
| 22:55 | Crear | Villager (Male) |
| 23:10 | Crear | Skirmisher |
| 23:20 | Crear | Villager (Male) |
| 23:37 | Crear | Villager (Male) |
| 23:56 | Construir | Town Center |
| 23:58 | Crear | Villager (Male) |
| 24:27 | Crear | Skirmisher |
| 24:28 | Crear | Skirmisher |
| 24:28 | Crear | Villager (Male) |
| 24:32 | Investigar | Bow Saw |
| 24:52 | Crear | Villager (Male) |
| 25:00 | Construir | Siege Workshop |
| 25:08 | Crear | Skirmisher |
| 25:09 | Crear | Skirmisher |
| 25:16 | Construir | Farm |
| 25:20 | Construir | Farm |
| 25:22 | Crear | Villager (Male) |
| 25:36 | Construir | Farm |
| 25:38 | Construir | Farm |
| 25:40 | Crear | Villager (Male) |
| 26:00 | Construir | Farm |
| 26:02 | Construir | Farm |
| 26:09 | Crear | Villager (Male) |
| 26:11 | Construir | Farm |
| 26:12 | Crear | Villager (Male) |
Cronología de la partida
| 3:19 | DeThLeFf · wall_segment Palisade Wall x1 |
| 5:02 | JF · first_building Barracks |
| 6:28 | DeThLeFf · first_building Barracks |
| 8:25 | DeThLeFf · wall_segment Palisade Wall x1 |
| 8:28 | DeThLeFf · wall_segment Palisade Wall x1 |
| 8:50 | DeThLeFf · wall_segment Palisade Wall x6 |
| 8:51 | DeThLeFf · age_up feudal |
| 9:42 | DeThLeFf · wall_segment Palisade Wall x5 |
| 10:34 | JF · wall_segment Palisade Wall x1 |
| 11:21 | JF · wall_segment Palisade Wall x1 |
| 11:25 | JF · wall_segment Palisade Wall x1 |
| 11:26 | DeThLeFf · wall_segment Palisade Wall x3 |
| 11:27 | JF · wall_segment Palisade Wall x1 |
| 11:40 | JF · wall_segment Palisade Wall x1 |
| 12:25 | JF · wall_segment Palisade Wall x1 |
| 12:28 | JF · wall_segment Palisade Wall x1 |
| 13:30 | JF · wall_segment Palisade Wall x1 |
| 13:35 | JF · wall_segment Palisade Wall x1 |
| 14:24 | JF · age_up feudal |
| 14:30 | JF · first_building Archery Range |
| 14:36 | JF · wall_segment Palisade Wall x1 |
| 14:49 | DeThLeFf · wall_segment Palisade Wall x14 |
| 14:58 | DeThLeFf · wall_segment Palisade Wall x23 |
| 16:00 | DeThLeFf · first_building Archery Range |
| 19:27 | JF · wall_segment Palisade Wall x8 |
| 22:19 | JF · age_up castle |
| 24:07 | DeThLeFf · first_building Stable |
| 25:00 | JF · first_building Siege Workshop |
| 26:01 | DeThLeFf · age_up castle |
| 28:08 | JF · first_building Stable |
| 28:37 | DeThLeFf · first_building Siege Workshop |
| 32:07 | DeThLeFf · first_building Castle |
| 35:27 | JF · first_building Castle |
| 37:38 | DeThLeFf · first_building Monastery |
| 38:21 | JF · first_building Monastery |
| 42:07 | JF · age_up imperial |
| 43:08 | DeThLeFf · age_up imperial |
| 50:23 | JF · first_market_sell 500 food |
| 67:31 | JF · wall_segment Palisade Wall x1 |
| 67:33 | JF · wall_segment Palisade Wall x1 |
| 70:06 | JF · resign |
[ ANÁLISIS IA · 1 CRÉDITO ]
¿Qué pasó realmente en esta partida?
Wolo.gg analiza cada decisión: build order, eco, micro, errores típicos por bracket. Análisis personalizado por WhatsApp o Discord en 30 segundos.
Guía civ
Persas
Guía mapa
Arabia
Perfil
DeThLeFf